 Dungeon Crawl Stone Soup version 0.30-a0-986-g7f2e898f52 (webtiles) character file.

Game seed: 14558645005374412615

81 Mesmaeker13 the Insei (level 4, -4/30 HPs)
             Began as an Octopode Transmuter on Apr 1, 2023.
             Splashed by a jelly's acid (5 damage)
             ... on level 3 of the Dungeon.
             The game lasted 00:02:03 (2465 turns).

Mesmaeker13 the Insei (Octopode Transmuter)         Turns: 2465, Time: 00:02:03

Health: -4/30      AC: -3    Str:  9    XL:     4   Next: 42%
Magic:  7/7        EV: 13    Int: 17    God:
Gold:   182        SH:  0    Dex: 12    Spells: 0/7 levels left

rFire   . . .      SeeInvis .      - Unarmed
rCold   . . .      Faith    .    (no shield)
rNeg    . . .      Spirit   .    (helmet currently unavailable)
rPois   .          Reflect  .    (no amulet)
rElec   .          Rampage  .    (no ring)
rCorr   .                        (no ring)
Will    .....                    (no ring)
Stlth   ++                       (no ring)
HPRegen 0.25/turn                (no ring)
MPRegen 0.10/turn                (no ring)
                                 (no ring)
                                 (no ring)

@: appendages (expiring), corroded
A: tentacle spike 3, almost no armour, amphibious, 8 rings, camouflage 1,
gelatinous body 1, (nimble swimmer 1), tentacles
a: End Transformation


You were on level 3 of the Dungeon.
One of your tentacles had grown a beastly spike.
You visited 1 branch of the dungeon, and saw 3 of its levels.

You collected 182 gold pieces.

Inventory:

Missiles
 d - 4 poisoned darts (quivered)
Magical Staves
 b - a staff of death
Scrolls
 c - a scroll of fog {unknown}
 g - a scroll of noise {unknown}
 h - a scroll of torment
 i - a scroll of enchant weapon
 l - a scroll of identify {unknown}
 m - a scroll of teleportation {unknown}
 n - a scroll of blinking {unknown}
Potions
 a - a potion of lignification
 e - a potion of resistance {unknown}
 f - a potion of heal wounds {unknown}
 j - a potion of curing {unknown}
 k - a potion of mutation {unknown}


   Skills:
 + Level 2.4 Fighting
 - Level 2.0 Dodging
 + Level 3.8 Unarmed Combat
 - Level 2.0 Spellcasting
 + Level 3.0 Transmutations
 + Level 0.1 Ice Magic


You couldn't memorise any spells.
You knew the following spells:

 Your Spells              Type           Power      Damage    Failure   Level
a - Beastly Appendage     Tmut           22%        N/A       5%          1
b - Wereblood             Tmut           11%        N/A       9%          2
c - Ice Form              Ice/Tmut       7%         N/A       71%         4

Your spell library contained the following spells:

 Spells                   Type           Power      Damage    Failure   Level
 Spider Form              Tmut/Pois      6%         N/A       30%         3


Dungeon Overview and Level Annotations

Branches:
Dungeon (3/15)

Altars:


Innate Abilities, Weirdness & Mutations

One of your tentacles has grown a beastly spike.
You cannot wear most types of armour.
You are amphibious.
You can wear up to eight rings at the same time.
Your skin changes colour to match your surroundings (Stealth+).
Your rubbery body absorbs attacks. (AC +1, EV +1)
((You are camouflaged when in or above water. (Stealth+)))
You have tentacles for arms and can constrict up to eight enemies at once.


Message History

You throw a poisoned dart. The poisoned dart hits the jelly.
The jelly quivers.
Throw: 9 darts (poison)
Press: ? - help, Q - select action, (/) - cycle Shift-Dir - straight line, f/p - jelly
Aim: a jelly (89% to hit)
You throw a poisoned dart. The poisoned dart hits the jelly.
Throw: 8 darts (poison)
Press: ? - help, Q - select action, (/) - cycle Shift-Dir - straight line, f/p - jelly
Aim: a jelly (89% to hit)
You throw a poisoned dart. The poisoned dart hits the jelly.
Throw: 7 darts (poison)
Press: ? - help, Q - select action, (/) - cycle Shift-Dir - straight line, f/p - jelly
Aim: a jelly (89% to hit)
You throw a poisoned dart. The poisoned dart hits the jelly.
Throw: 6 darts (poison)
Press: ? - help, Q - select action, (/) - cycle Shift-Dir - straight line, f/p - jelly
Aim: a jelly (89% to hit)
You throw a poisoned dart. The poisoned dart hits the jelly.
Throw: 5 darts (poison)
Press: ? - help, Q - select action, (/) - cycle Shift-Dir - straight line, f/p - jelly
Aim: a jelly (89% to hit)
You throw a poisoned dart. The poisoned dart hits the jelly.
You tentacle-slap the jelly.
Your tentacles burn!
The jelly is lightly wounded.
The jelly hits you but does no damage.
You barely miss the jelly. The jelly hits you.
You are splashed with acid!
You tentacle-slap the jelly but do no damage.
Your tentacles burn!
You squeeze the jelly.
The jelly is lightly wounded.
The jelly hits you.
You are splashed with acid!
* * * LOW HITPOINT WARNING * * *
You tentacle-slap the jelly.
Your tentacles burn!
* * * LOW HITPOINT WARNING * * *
You pierce the jelly.
You squeeze the jelly.
The jelly is severely wounded.
Your transformation is almost over.
The jelly hits you.
* * * LOW HITPOINT WARNING * * *
The acid corrodes you!
You are splashed with acid.
You die...

### ..# ..# ..# ..# # #
..# .# ..
..################.#.#.#
.......................#
#....###########@....##.
#)...# #.J...... )....+
...(..... #....#
.....(..## #....#
.......(.+ #....#####
........(.# +....'...+
..........(..
#....#####...........(..
#....#


You could see a jelly.

Vanquished Creatures
  2 adders (D:2)
  2 worms (D:2)
  3 dart slugs
  8 endoplasms
  3 giant cockroaches
  3 goblins
  4 hobgoblins
  2 jackals (D:1)
  2 quokkas (D:1)
  6 ball pythons
  5 bats
  A frilled lizard (D:2)
  3 kobolds
  5 rats
49 creatures vanquished.

Notes
Turn   | Place    | Note
-------+----------+-------------------------------------------
     0 | D:1      | Mesmaeker13 the Octopode Transmuter began the quest for the
                  | Orb.
     0 | D:1      | Reached XP level 1. HP: 13/13 MP: 3/3
   148 | D:1      | Reached XP level 2. HP: 18/18 MP: 3/5
   181 | D:1      | Learned a level 2 spell: Wereblood
   769 | D:1      | Reached XP level 3. HP: 24/24 MP: 4/6
  1561 | D:2      | Reached XP level 4. HP: 29/29 MP: 5/7
  2349 | D:3      | Learned a level 4 spell: Ice Form
  2465 | D:3      | HP: 1/30 [jelly (3)]
  2465 | D:3      | Splashed by a jelly's acid

Illustrated notes

Levels and vault maps discovered:
D:1:      ncdulo_smallfort, layout_basic, interstate_on_off, st_stairs_6,
          chequers_serial_rivers_micro_a
D:2:      layout_basic
D:3:      layout_basic, serial_shops, nicolae_shop_stone, uniq_natasha

Skill      XL: |  1  2  3  4 |
---------------+-------------+-----
Fighting       | 2 |  2.4
Transmutations | 3 |  3.0
Dodging        | |  2.0
Unarmed Combat | |  3.8
Spellcasting   | |  2.0
Ice Magic      | |  0.1

Action                     |  1- 3 |  4- 6 || total
---------------------------+-------+-------++-------
  Melee: Unarmed           |    71 |    27 ||    98
         Tentacles         |    21 |     6 ||    27
         Kick              |    14 |     7 ||    21
         Constrict         |    17 |     9 ||    26
         Punch             |     1 |       ||     1
  Throw: Dart              |       |     6 ||     6
   Cast: Beastly Appendage |    23 |    10 ||    33
         Wereblood         |     2 |     1 ||     3
    Use: Scroll            |       |     2 ||     2
   Stab: Sleeping          |     4 |     1 ||     5
 Armour: Skin              |     5 |     3 ||     8
  Dodge: Dodged            |    35 |    11 ||    46

Table legend: (Time is in decaauts)
 A = Elapsed time spent in this place.
 B = Non-inter-level travel time spent in this place.
 C = Inter-level travel time spent in this place.
 D = Time resting spent in this place.
 E = Time spent auto-exploring this place.
 F = Levels seen in this place.
 G = Mean time per level.
                   A        B        C        D        E       F      G
               +--------+--------+--------+--------+--------+-----+--------+
         Total |   2458 |   2420 |     38 |     60 |   1982 |   3 |  819.3 |
       Dungeon |   2458 |   2420 |     38 |     60 |   1982 |   3 |  819.3 |
               +--------+--------+--------+--------+--------+-----+--------+

Top non-repeatable levels by time:
     D:1: 1231 daAuts
     D:2: 1087 daAuts
     D:3: 138 daAuts
